 Dungeon Crawl Stone Soup version 0.21.1-1-g345015f (webtiles) character file.

11079 diana the Impaler (level 11, -3/87 HPs)
             Began as a Merfolk Gladiator on May 25, 2018.
             Was a High Priest of Okawaru.
             Engulfed by a cloud of flame (10 damage)
             ... in a volcano.
             The game lasted 00:53:12 (10809 turns).

diana the Impaler (Merfolk Gladiator)              Turns: 10809, Time: 00:53:12

Health: -3/87      AC: 12    Str: 15    XL:     11   Next: 72%
Magic:  0/11       EV: 13    Int:  7    God:    Okawaru [*****.]
Gold:   369        SH:  9    Dex: 24    Spells: 10/10 levels left

rFire    . . .     SeeInvis .   k - +1 spear (freeze)
rCold    . . .     Gourm    .   H - +2 buckler
rNeg     + + .     Faith    .   i - +0 chain mail of Poor Excuses {rN+ Regen+}
rPois    .         Spirit   +   q - +0 helmet
rElec    .         Reflect  .   (no cloak)
rCorr    .         Harm     .   z - +0 pair of gloves
MR       .....                  (no boots)
Stlth    ..........             F - amulet of guardian spirit
HPRegen  0.64/turn              B - ring of positive energy
MPRegen  0.12/turn              c - +5 ring of dexterity

@: no status effects
A: change form in water, swift swim, stealthy swim
a: Heroism, Finesse, Renounce Religion


You were in a volcano.
You worshipped Okawaru.
Okawaru was extremely pleased with you.
You were hungry.

You visited 3 branches of the dungeon, and saw 13 of its levels.
You also visited: Volcano.

You collected 557 gold pieces.
You spent 188 gold pieces at shops.

Inventory:

Hand Weapons
 a - a +0 trident
 k - a +1 spear of freezing (weapon)
 I - a +0 club
Missiles
 d - 2 throwing nets (quivered)
Armour
 b - a +3 scale mail
 g - a +1 leather armour of poison resistance
 i - the +0 chain mail of Poor Excuses (worn) {rN+ Regen+}
   (You bought it in a shop on level 5 of the Dungeon)

   It protects you from negative energy.
   It increases your rate of regeneration.
 q - a +0 helmet (worn)
 y - a +0 ring mail of fire resistance
 z - a +0 pair of gloves (worn)
 H - a +2 buckler (worn)
 L - a +1 robe of magic resistance
Magical Staves
 p - an uncursed staff of power {unknown}
Jewellery
 c - a +5 ring of dexterity (right hand)
 n - an uncursed ring of see invisible
 x - an uncursed ring of flight
 B - a ring of positive energy (left hand)
 F - an amulet of guardian spirit (around neck)
Wands
 J - a wand of random effects (69)
 P - a wand of polymorph (20)
Scrolls
 h - 3 scrolls of identify
 m - a scroll of magic mapping
 o - 3 scrolls of teleportation {unknown}
 r - 7 scrolls of remove curse
 s - 2 scrolls of enchant weapon {unknown}
 t - 2 scrolls of random uselessness {unknown}
 v - 2 scrolls of enchant armour {unknown}
 w - a scroll of noise {unknown}
 C - 2 scrolls of fear {unknown}
 G - 2 scrolls of summoning {unknown}
 M - a scroll of silence {unknown}
 Q - a scroll of blinking {unknown}
 S - a scroll of amnesia {unknown}
Potions
 e - 2 potions of lignification {unknown}
 j - 5 potions of haste {unknown}
 l - 2 potions of brilliance {unknown}
 u - 3 potions of flight {unknown}
 A - a potion of ambrosia {unknown}
 E - 2 potions of mutation {unknown}
 O - a potion of heal wounds
Books
 D - Kikubaaqudgha's Grimoire of Evil Arts
   (You found it on level 6 of the Dungeon)

   Spells                             Type                      Level
   a - Animate Skeleton               Necromancy                   1
 N - a book of Cantrips

   Spells                             Type                      Level
   a - Confusing Touch                Hexes                        1
   b - Animate Skeleton               Necromancy                   1
   c - Summon Small Mammal            Summoning                    1
   d - Apportation                    Translocation                1
Miscellaneous
 K - a lightning rod (4/4)
Comestibles
 f - 21 rations


   Skills:
 + Level 8.6 Fighting
 * Level 15.7 Polearms
 - Level 2.0 Throwing
 + Level 5.2 Armour
 + Level 10.8 Dodging
 - Level 0.8 Stealth
 + Level 5.8 Shields


You had 10 spell levels left.
You didn't know any spells.

Dungeon Overview and Level Annotations

Branches:
Dungeon (10/15)            Temple (1/1) D:7            Lair (2/6) D:9
  Swamp: Lair:2-4    Shoals: Lair:2-4     Snake: Lair:2-4    Spider: Lair:2-4
    Orc: D:9-12

Altars:
Ashenzari
Cheibriados
Dithmenos
Elyvilon
Fedhas
Gozag
Hepliaklqana
Kikubaaqudgha
Makhleb
Nemelex Xobeh
Okawaru
Ru
Sif Muna
Trog
Uskayaw
Vehumet
Wu Jian
Yredelemnul
Zin
The Shining One

Shops:
D:5 ?(*[   D:9 *

Annotations:
D:9 bmj180's ghost, novice MiFi


Message History

The fire elemental is severely damaged.
You block the fire elemental's attack.
Your chain mail of Poor Excuses prevents you from hitting the fire elemental.
The fire elemental is severely damaged.
You feel like a meek peon again.
You hit the fire elemental. You freeze the fire elemental.
The fire elemental is almost destroyed.
You block the fire elemental's attack.
You closely miss the fire elemental.
The fire elemental is almost destroyed.
There is an open door here.
The stone giant throws a large rock.
The large rock hits you!!
You see here a large rock.
The air gets thick with the scent of sulphur.
The stone giant throws a large rock.
The large rock hits you!!
* * * LOW HITPOINT WARNING * * *
You see here a large rock.
The volcano roars to life, belching forth lava!
You are engulfed in blazing flames.
You die...

..............##§§§§.............
≈.§≈≈§≈§≈§≈..§§§§§§§§§§≈§≈≈..§§..
≈≈≈≈≈§≈≈≈§≈§≈§§§§§§§§§≈≈§§....§..
≈≈≈≈≈§§≈≈≈≈≈§§§§§§§§§≈≈§§§≈≈≈§§.≈
≈≈≈≈§§≈≈≈§§§§§§§§§§§§§§§.≈≈≈§§≈§§
§§≈≈§§§§≈≈≈≈≈§§§§§§§§§§§≈§≈≈§≈≈≈§
≈§≈§§§≈§≈§§§§§§§§§§§§§§§≈≈≈§§≈≈≈≈
≈§≈§§§§§≈≈≈≈§§§§§§§§§§§§≈§§≈≈≈≈≈≈
§ §...§§..(§§§§§@§§§§§≈≈≈§≈≈§≈§≈≈
#######C########§§§§§§§§≈§§≈§§§
#.# #.§§§§§≈§≈§§≈≈≈§ #C#
#.≈§§§§≈§≈§≈§≈≈≈ #E#
#..§§§§≈§§§≈≈≈≈≈ #§# #§§§§≈§≈§
≈≈§≈§≈ #E# #.§≈§≈≈≈ ≈§§§≈§ #R#
.§≈≈≈§§ §≈≈§≈§ #'# ≈≈≈≈§≈


There were no monsters in sight!

Vanquished Creatures
  A two-headed ogre (D:9)
  3 death yaks
  Joseph (D:7)
  2 black mambas (Lair:1)
  Psyche (D:8)
  2 spiny frogs
  2 komodo dragons
  Grinder (D:4)
  3 hippogriffs
  3 blink frogs (Lair:2)
  2 spriggans (Lair:1)
  5 yaks
  2 fire bats (Volcano)
  A fire elemental (Volcano)
  3 water moccasins
  3 porcupines
  A sky beast (D:8)
  An ice beast (D:8)
  4 ogres
  2 centaurs
  2 crocodiles (Lair:2)
  2 big kobolds
  6 bullfrogs
  A gnoll sergeant (D:8)
  A wyvern zombie (D:9)
  A jelly (D:6)
  A scorpion (D:5)
  4 wights (D:6)
  A killer bee (D:10)
  A bullfrog zombie (D:5)
  2 crimson imps
  2 lava snakes (Volcano)
  5 hounds
  6 orc priests
  10 orc wizards
  3 iguanas
  3 worker ants
  Robin (D:2)
  5 gnolls (D:8)
  9 adders
  A shadow imp (D:7)
  2 oozes
  2 adder skeletons
  2 worms
  8 leopard geckos
  27 orcs
  5 giant cockroaches
  8 hobgoblins
  6 jackals
  8 kobolds
  5 quokkas
  8 bats
  3 frilled lizards
  16 goblins
  A leopard gecko skeleton (D:6)
  A quokka skeleton (D:4)
  A quokka zombie (D:5)
  3 rats
216 creatures vanquished.

Notes
Turn   | Place    | Note
-------+----------+-------------------------------------------
     0 | D:1      | diana the Merfolk Gladiator began the quest for the Orb.
     0 | D:1      | Reached XP level 1. HP: 16/16 MP: 1/1
   155 | D:1      | Reached skill level 5 in Polearms
   155 | D:1      | Reached XP level 2. HP: 15/22 MP: 2/2
   361 | D:1      | Reached XP level 3. HP: 20/27 MP: 3/3
   659 | D:2      | Reached skill level 6 in Polearms
   698 | D:2      | Reached XP level 4. HP: 34/34 MP: 4/4
   749 | D:2      | Found a bloodstained altar of Trog.
  1247 | D:2      | Noticed Robin
  1298 | D:2      | Killed Robin
  1852 | D:3      | Reached XP level 5. HP: 34/39 MP: 5/5
  1887 | D:3      | Found a sacrificial altar of Ru.
  1929 | D:3      | You fall through a shaft!
  1944 | D:4      | Reached skill level 7 in Polearms
  2171 | D:4      | Reached skill level 1 in Armour
  2171 | D:4      | Reached skill level 5 in Dodging
  2370 | D:4      | Noticed Grinder
  2373 | D:4      | Paralysed by Grinder for 2 turns
  2391 | D:4      | Paralysed by Grinder for 6 turns
  2410 | D:5      | Entered Level 5 of the Dungeon
  2418 | D:5      | Found Nyclocy's General Store.
  2418 | D:5      | Noticed an ogre
  2446 | D:5      | Reached XP level 6. HP: 23/46 MP: 6/6
  2471 | D:5      | Reached skill level 8 in Polearms
  2781 | D:5      | Found Ahudum's Armour Shop.
  2965 | D:5      | Found Misesk's Magic Scroll Boutique.
  3046 | D:5      | Reached XP level 7. HP: 29/52 MP: 7/7
  3233 | D:5      | Reached skill level 9 in Polearms
  3343 | D:5      | Found Seegrad's Antique Weapon Shop.
  3817 | D:5      | Bought the +0 chain mail of Poor Excuses {rN+ Regen+} for 188 gold pieces
  4118 | D:6      | Found a glowing golden altar of the Shining One.
  4149 | D:6      | Reached skill level 10 in Polearms
  4154 | D:6      | Reached XP level 8. HP: 27/61 MP: 8/8
  4297 | D:6      | Found a shattered altar of Ashenzari.
  4892 | D:6      | Found an ancient bone altar of Kikubaaqudgha.
  4892 | D:6      | Found a deep blue altar of Sif Muna.
  4903 | D:6      | Reached skill level 5 in Fighting
  4958 | D:6      | Identified Kikubaaqudgha's Grimoire of Evil Arts
  4972 | D:6      | Found a radiant altar of Vehumet.
  5461 | D:4      | Paralysed by Grinder for 4 turns
  5468 | D:4      | Killed Grinder
  5468 | D:4      | Reached skill level 11 in Polearms
  5798 | D:7      | Noticed Joseph
  5824 | D:7      | Killed Joseph
  5824 | D:7      | Reached skill level 1 in Shields
  5824 | D:7      | Reached XP level 9. HP: 31/69 MP: 9/9
  6099 | D:7      | Reached skill level 12 in Polearms
  6321 | D:7      | Found a staircase to the Ecumenical Temple.
  6551 | Temple   | Entered the Ecumenical Temple
  6767 | Temple   | Became a worshipper of Warmaster Okawaru
  6930 | D:8      | Found an opulent altar of Gozag.
  7386 | D:8      | Noticed Psyche
  7393 | D:8      | Killed Psyche
  7393 | D:8      | Reached * piety under Okawaru
  7741 | D:9      | Reached skill level 13 in Polearms
  7754 | D:9      | Reached XP level 10. HP: 63/77 MP: 8/10
  7756 | D:9      | Noticed bmj180's ghost (novice MiFi)
  8043 | D:9      | Noticed a death yak
  8044 | D:9      | Found a staircase to the Lair.
  8068 | D:9      | Noticed a death yak
  8071 | D:9      | Noticed a death yak
  8072 | D:9      | Killed a death yak
  8072 | D:9      | Reached ** piety under Okawaru
  8086 | D:9      | Found Uxzyrak's Assorted Antiques.
  8125 | D:8      | Killed a death yak
  8125 | D:8      | Reached skill level 14 in Polearms
  8254 | D:8      | Killed a death yak
  8539 | D:9      | Noticed a two-headed ogre
  8596 | D:10     | Entered Level 10 of the Dungeon
  8657 | D:9      | Noticed a deep elf mage
  8660 | D:9      | Noticed an orc sorcerer
  8877 | D:9      | Killed a two-headed ogre
  8877 | D:9      | Reached *** piety under Okawaru
  8877 | D:9      | Reached skill level 10 in Dodging
  8877 | D:9      | Reached XP level 11. HP: 65/86 MP: 5/11
  8990 | D:9      | Found a sparkling altar of Nemelex Xobeh.
  8990 | D:9      | Found a blossoming altar of Fedhas.
  9065 | Lair:1   | Entered Level 1 of the Lair of Beasts
  9083 | Lair:1   | Reached skill level 5 in Shields
  9371 | Lair:1   | Reached **** piety under Okawaru
  9371 | Lair:1   | Reached skill level 15 in Polearms
 10023 | Lair:2   | Reached skill level 5 in Armour
 10107 | Lair:2   | Reached ***** piety under Okawaru
 10251 | Lair:2   | Found a dark tunnel.
 10283 | Volcano  | Entered a volcano
 10778 | Volcano  | Found a radiant altar of Vehumet.
 10786 | Volcano  | Noticed a stone giant
 10809 | Volcano  | Engulfed by a cloud of flame

Skill      XL: |  1  2  3  4  5  6  7  8  9 10 11 |
---------------+----------------------------------+-----
Polearms       | 5 6 7 8 10 11 13 14 15 | 15.7
Armour         | 1 2 3 4 5 |  5.2
Dodging        | 5 6 7 8 10 | 10.8
Fighting       | 3 4 5 6 7 8 |  8.6
Shields        | 1 3 4 5 |  5.8
Throwing       | |  2.0
Stealth        | |  0.8

Action                   |  1- 3 |  4- 6 |  7- 9 | 10-12 || total
-------------------------+-------+-------+-------+-------++-------
Melee: Trident           |    83 |   230 |   584 |   147 ||  1044
       Spear             |       |       |       |   449 ||   449
Throw: Throwing net      |       |     3 |       |       ||     3
Invok: Heroism           |       |       |       |     5 ||     5
  Use: Scroll            |       |     2 |       |     2 ||     4
       Potion            |       |     1 |       |     2 ||     3
 Stab: Sleeping          |     3 |     3 |       |       ||     6
       Held in net/web   |       |     2 |       |       ||     2
  Eat: Chunk             |       |     7 |    15 |    10 ||    32
Armor: Leather armour    |    22 |    46 |    10 |       ||    78
       Chain mail        |       |       |   155 |   116 ||   271
Dodge: Dodged            |    57 |   113 |   158 |   138 ||   466
Block: Buckler           |       |       |    40 |   139 ||   179
